Map: Lerilak Crest

Players

DarKicE

  • Race: Terran Terran
  • League: Grandmaster

MorN - Winner!

  • Race: Terran Terran
  • League: Master

VOD

Have the link to the VOD?

Description

Time

  • Played on: Dec. 26, 2015, 12:57 a.m.
  • Length: 7:27
Show
View Real Time Build Order
Export as new Build Order

DarKicE Terran 

Build Orders: 1/1/1, Liberator Opening 

Get SALT Encoding   

  12  0:01  SCV  
  13  0:13  SCV  
  14  0:15  Refinery  
  14  0:24  Supply Depot  
  15  0:28  SCV  
  15  0:46  SCV  
  15  0:48  Barracks  
  16  0:58  SCV  
  17  1:10  SCV  
  18  1:22  SCV  
  19  1:35  Orbital Command, Marine  
  19  1:36  Factory  
  20  1:42  Supply Depot  
  20  1:53  Marine  
  22  2:01  SCV  
  22  2:06  Refinery  
  22  2:13  SCV  
  22  2:14  Barracks Reactor  
  22  2:21  Hellion  
  24  2:24  Starport  
  24  2:25  SCV  
  24  2:29  Supply Depot  
  25  2:37  SCV  
  26  2:44  Widow Mine  
  26  2:49  SCV  
  29  2:53  Marine x2  
  31  3:00  Supply Depot  
  31  3:01  SCV, Medivac  
  34  3:11  Marine x2  
  36  3:14  SCV  
  36  3:17  Factory Tech Lab  
  37  3:23  Supply Depot  
  37  3:26  SCV  
  38  3:28  Marine  
  38  3:29  Marine  
  40  3:42  SCV  
  40  3:46  Liberator  
  41  3:51  Command Center  
  41  3:57  SCV  
  41  3:59  Cyclone  
  45  4:05  Marine  
  45  4:07  Marine  
  50  4:15  Engineering Bay  
  46  4:35  Siege Tank  
  46  4:36  Marine x2  
  51  4:46  SCV  
  51  4:52  Viking  
  54  4:54  Marine  
  54  4:58  Supply Depot  
  55  5:02  SCV, Marine  
  55  5:06  Orbital Command  
  57  5:12  Marine  
  58  5:14  SCV  
  58  5:20  Marine  
  60  5:26  SCV  
  61  5:29  Marine  
  60  5:37  Marine  
  61  5:47  Marine  
  61  5:48  Viking, Siege Tank  
  61  5:49  SCV  
  69  5:50  SCV  
  69  5:55  Marine  
  63  6:05  Marine  
  56  6:13  Marine  
  56  6:15  SCV x2  
  55  6:20  Siege Tank  
  55  6:22  Barracks x2  
  55  6:23  Marine  
  55  6:25  Starport Reactor  
  59  6:27  SCV x2  
  59  6:31  Marine  
  62  6:41  SCV, Marine  
  62  6:42  SCV  
  65  6:49  Command Center, Marine  
  65  6:52  Siege Tank  
  65  6:53  SCV  
  65  6:54  SCV  
  70  6:58  Marine  
  71  7:05  SCV  
  71  7:06  SCV  
  71  7:08  Barracks  
  73  7:09  Barracks  
  73  7:10  Barracks Tech Lab x2  
  73  7:14  Refinery  
  73  7:15  Refinery  
Show
View Real Time Build Order
Export as new Build Order

MorN Terran - Winner!

Build Orders: Reaper Expand 

Get SALT Encoding   

  12  0:00  SCV  
  13  0:12  SCV  
  14  0:17  Supply Depot  
  14  0:25  SCV  
  15  0:38  SCV  
  15  0:42  Barracks  
  16  0:46  Refinery  
  16  0:50  SCV  
  17  1:02  SCV  
  18  1:15  SCV  
  19  1:29  Orbital Command  
  19  1:30  Reaper  
  20  1:41  Command Center  
  20  1:53  Supply Depot  
  20  1:55  SCV  
  20  2:01  Refinery  
  21  2:02  Reaper  
  22  2:15  SCV  
  22  2:25  Factory  
  22  2:27  SCV  
  23  2:39  SCV  
  24  2:51  SCV, Barracks x2, Barracks Reactor  
  24  2:59  Orbital Command  
  24  3:05  SCV  
  25  3:20  Engineering Bay x2  
  25  3:26  SCV  
  25  3:27  SCV  
  27  3:37  Barracks Tech Lab  
  27  3:40  Hellion x2  
  31  3:44  SCV x2  
  31  3:46  Barracks Reactor x2  
  32  3:56  Barracks Reactor  
  32  3:57  Marine x2  
  32  4:00  SCV, Missile Turret  
  32  4:02  Hellion x2  
  39  4:13  Terran Infantry Weapons Level 1, Terran Infantry Armor Level 1  
  39  4:14  SCV  
  39  4:15  Marine  
  41  4:18  Marine  
  39  4:37  Barracks Reactor  
  39  4:38  Barracks Reactor  
  38  4:39  Stimpack  
  38  4:40  Hellion x2  
  42  4:46  SCV  
  42  4:47  Marine  
  42  4:51  SCV  
  45  4:54  Starport  
  45  4:58  SCV  
  46  5:06  Supply Depot  
  46  5:08  Supply Depot  
  46  5:12  SCV, Hellion x2  
  52  5:14  SCV  
  52  5:15  Marine x2  
  54  5:28  SCV, Marine x3  
  57  5:39  Marine x2  
  57  5:46  Marine x3  
  60  5:56  Marine  
  60  5:57  Marine  
  60  5:59  Medivac x2  
  60  6:03  Marine x3  
  62  6:16  Marine x2  
  62  6:19  Factory Tech Lab  
  62  6:21  Marine x2  
  62  6:25  Supply Depot  
  64  6:29  Medivac  
  66  6:36  Armory  
  66  6:38  SCV  
  67  6:42  Marine x3  
  67  6:46  Marine  
  71  6:49  SCV  
  71  6:51  Marine  
  73  6:55  Siege Tank  
  73  6:57  SCV  
  73  6:59  Marine  
Tags
 
Add a new tag
Caveats
  • Supply blocks, unpowered buildings, or Contaminate may cause inaccurate times.
  • Supply counts are checked every 10 seconds.